 Dungeon Crawl Stone Soup version 0.26.0-7-g794d0892b4 (webtiles) character file.

Game seed: 11357688134238785689

75428 SomeFlowers the Summoner (level 15, -6/101 (103) HPs)
             Began as a Human Summoner on Jan 10, 2021.
             Was the Champion of Wu Jian.
             Mangled by a phantasmal warrior (33 damage)
             ... led by a death knight
             ... on level 14 of the Dungeon on Jan 11, 2021.
             The game lasted 02:51:26 (36306 turns).

SomeFlowers the Summoner (Human Summoner)          Turns: 36306, Time: 02:51:26

HP:   -6/101 (103)  AC: 12    Str:  9    XL:     15   Next: 98%
MP:   25/25         EV: 18    Int: 16    God:    Wu Jian [******]
Gold: 1045          SH:  0    Dex: 19    Spells: 9/28 levels left

rFire    . . .     SeeInvis .   s - +2 lajatang (speed)
rCold    + . .     Faith    .   (shield currently unavailable)
rNeg     + . .     Spirit   .   S - +1 leather armour {rN+}
rPois    .         Reflect  .   T - +0 hat
rElec    .         Harm     .   M - scarf {+Inv}
rCorr    .         Rampage  .   v - +0 pair of gloves
Will     +....     Rnd*Rage +   f - +2 pair of boots
Stlth    ++++......             i - amulet of magic regeneration
HPRegen  0.26/turn              y - +4 ring of protection
MPRegen  0.44/turn              e - ring of protection from cold

@: slowed, lightly drained, very slow
A: antennae 1, berserk 1
a: Renounce Religion, Evoke Invisibility, Wall Jump, Serpent's Lash, Heavenly
Storm


You were on level 14 of the Dungeon.
You worshipped Wu Jian.
Wu Jian was exalted by your worship.
You visited 2 branches of the dungeon, and saw 20 of its levels.
You also visited: Ossuary and Gauntlet.

You collected 1199 gold pieces.
You spent 154 gold pieces at shops.

Inventory:

Hand Weapons
 h - a +2 whip of holy wrath
 s - a +2 lajatang of speed (weapon)
 z - the +6 mace "Toufagh" {vorpal, Will++}
   (You found it on level 4 of the Dungeon)

   It inflicts extra damage upon your enemies.
   It affects your willpower, your defense against some magical effects.
 A - a +2 short sword of venom
 O - a +1 scimitar of flaming
 U - a +0 dagger of draining
Missiles
 j - 24 javelins
 I - 9 curare-tipped darts (quivered)
Armour
 f - a +2 pair of boots (worn)
 v - a +0 pair of gloves (worn)
 x - a +0 kite shield
 D - the +4 gold dragon scales of Eternity {rElec rPois rF+ rC+ rN+ Int+2}
   (You found it in a Gauntlet)

   It affects your intelligence (+2).
   It protects you from fire.
   It protects you from cold.
   It insulates you from electricity.
   It protects you from poison.
   It protects you from negative energy.
 G - a +0 cloak
 M - a scarf of invisibility (worn)
 Q - +0 steam dragon scales
 S - a +1 leather armour of positive energy (worn)
 T - a +0 hat (worn)
Jewellery
 d - a +6 ring of dexterity
 e - a ring of protection from cold (right hand)
 g - an uncursed ring of ice
 i - an amulet of magic regeneration (around neck)
 k - an uncursed ring of flight
 p - an uncursed ring of wizardry
 y - a +4 ring of protection (left hand)
 C - an uncursed ring of fire
 F - an uncursed ring of poison resistance
Wands
 w - a wand of iceblast (32)
 E - a wand of random effects (24)
 V - a wand of enslavement (10)
 Y - a wand of paralysis (23)
Scrolls
 b - a scroll of fear
 l - 3 scrolls of blinking
 n - 18 scrolls of remove curse
 u - 2 scrolls of enchant armour
 L - 11 scrolls of identify
 N - 5 scrolls of amnesia
 P - a scroll of holy word {unknown}
 R - 2 scrolls of magic mapping
 Z - 2 scrolls of teleportation
Potions
 a - 2 potions of attraction {unknown}
 m - 5 potions of degeneration
 o - 4 potions of might
 r - 2 potions of flight
 t - 2 potions of resistance
 B - 4 potions of curing
 H - 4 potions of brilliance
 J - 2 potions of ambrosia
Miscellaneous
 c - a condenser vane
 K - a phial of floods
 W - a lightning rod (4/4)


   Skills:
 - Level 5.5 Fighting
 - Level 7.4(8.5) Short Blades
 - Level 6.3(8.0) Long Blades
 - Level 9.5(10.7) Maces & Flails
 - Level 8.1(10.1) Staves
 - Level 3.1 Throwing
 - Level 2.0 Armour
 - Level 9.0 Dodging
 * Level 9.1 Stealth
 - Level 3.0 Shields
 + Level 7.2 Spellcasting
 - Level 8.0 Hexes
 - Level 10.6 Summonings
 - Level 6.6 Ice Magic
 - Level 6.6 Evocations


You had 9 spell levels left.
You knew the following spells:

 Your Spells              Type           Power        Failure   Level
a - Summon Small Mammal   Summ           100%         1%          1
b - Call Imp              Summ           39%          1%          2
c - Call Canine Familiar  Summ           39%          1%          3
d - Summon Guardian Gole  Hex/Summ       35%          1%          3
e - Tukima's Dance        Hex            31%          1%          3
f - Corona                Hex            34%          1%          1
g - Ensorcelled Hibernat  Hex/Ice        58%          1%          2
h - Summon Ice Beast      Ice/Summ       33%          4%          4

Your spell library contained the following spells:

 Spells                   Type           Power        Failure   Level
 Confusing Touch          Hex            31%          1%          3
 Dazzling Flash           Conj/Hex       36%          10%         3
 Pain                     Necr           20%          17%         1
 Summon Lightning Spire   Summ/Air       22%          19%         4
 Metabolic Englaciation   Hex/Ice        14%          22%         5
 Corpse Rot               Necr/Air       N/A          26%         2
 Gell's Gravitas          Tloc           2%           45%         3
 Yara's Violent Unravell  Hex/Tmut       9%           65%         5
 Petrify                  Tmut/Erth      5%           86%         4
 Irradiate                Conj/Tmut      2%           99%         5
 Hydra Form               Tmut           2%           100%        6
 Statue Form              Tmut/Erth      3%           100%        6
 Dragon Form              Tmut           2%           100%        7
 Dragon's Call            Summ           19%          100%        9


Dungeon Overview and Level Annotations

Branches:
Dungeon (14/15) Temple (0/1) D:6 Lair (6/6) D:9 Shoals (0/4) Lair:3 Snake (0/4) Lair:4 Slime (0/5) Lair:6 Orc (0/2) D:10 Vaults (0/5) D:12 D:13 Ossuary (visited) Gauntlet (visited)

Altars:
Ashenzari
Cheibriados
Dithmenos
Gozag
Nemelex Xobeh
Okawaru
Qazlal
Sif Muna
Trog
Uskayaw
Wu Jian
Xom
The Shining One

Shops:
D:7 !   D:11 (

Portals:
Bazaar: D:14

Annotations:
D:7 2 transporters, apoch's ghost, novice MiFi
Lair:4 exclusion: oklob plant
Lair:5 exclusion: oklob plant


Innate Abilities, Weirdness & Mutations

You have a pair of small antennae on your head.
You tend to lose your temper in combat.


Message History

The phantasmal warrior barely misses you.
The demonic crawler misses you. The demonic crawler hits you!
* * * LOW HITPOINT WARNING * * *
The demonic crawler misses you.
Your kobold closely misses the freezing wraith.
Your big kobold is engulfed in blazing flames.
Your big kobold dies!
Your big kobold's corpse dissolves into shadows!
Your wraith barely misses the freezing wraith.
Your kobold throws a poisoned dart.
The poisoned dart hits the demonic crawler!
The poisoned dart dissolves into shadows!
Unknown command.
You slice the phantasmal warrior!!
The phantasmal warrior is severely damaged.
Your centaur warrior hits the phantasmal warrior but does no damage.
The freezing wraith closely misses you.
The freezing wraith hits you but does no damage.
The phantasmal warrior hits you!!
You die...

****** *,,,,, *>**** ###########
*,* #.°○).○°☼°## *,*
#9○°○○..°..###.* #cs.°°...°.....*
#W@Ws..K..#*****
#°KW°.○°.°##*****
#.°..○°.○°..<.,,*
****#..○○○°☼☼..###*,***
*,,,##########.# *,,.,,
***********,**#.#.##..##.###..#**
,,,,,,,,,,..,.........#.§.......,
,,,,,,,,,,,.....#.##..#.s###..##*
,,,**##......##.#.......§.....#


You could see 2 demonic crawlers, a phantasmal warrior, a freezing wraith, a
friendly centaur warrior (summoned), a friendly wraith (summoned), a friendly
gargoyle (summoned) and 2 friendly kobolds.

Vanquished Creatures
  Rupert (D:13)
  A minotaur (Gauntlet)
  2 boulder beetles
  2 centaur warriors
  8 hydras
  A two-headed ogre (D:10)
  A death knight (D:12)
  Sonja (Lair:2)
  A wizard (Gauntlet)
  An orc knight (D:13)
  A cyclops (D:13)
  2 deep elf magi
  4 ugly things
  A manticore (D:11)
  12 elephants
  5 black mambas
  A gargoyle (D:12)
  27 cane toads
  2 rime drakes
  9 komodo dragons
  4 trolls
  4 tyrant leeches (Lair:6)
  A polar bear (Lair:6)
  2 hornets
  39 blink frogs
  A meliai zombie (D:11)
  4 dream sheep (Lair:6)
  A raiju (Gauntlet)
  4 wraiths
  2 shadows
  A vampire (D:12)
  A wyvern (Lair:4)
  15 humans
  43 yaks
  A steam dragon (D:10)
  11 vampire mosquitoes
  A basilisk (D:13)
  A naga (Lair:4)
  An acid dragon (D:12)
  16 water moccasins
  A black bear (D:9)
  3 ice beasts
  5 orc warriors
  A hornet zombie (D:10)
  3 eyes of draining
  2 sky beasts
  3 ogres
  4 phantoms
  A necrophage (D:12)
  10 centaurs
  18 wolves
  3 big kobolds
  27 bullfrogs
  A water moccasin zombie (Ossuary)
  2 troll zombies (D:10)
  4 scorpions
  9 killer bees (D:12)
  4 howler monkeys
  6 wights
  5 electric eels (Lair:6)
  2 vampire bats (D:6)
  3 centaur zombies
  A bullfrog zombie (Ossuary)
  4 hounds
  3 orc priests
  2 bullfrog skeletons
  3 jellies
  9 orc wizards
  14 mummies (Ossuary)
  3 iguanas
  11 worker ants
  4 ogre zombies (D:10)
  8 hound zombies
  2 hound skeletons
  3 howler monkey zombies
  2 worker ant zombies
  3 gnolls (D:5)
  9 adders
  A shadow imp (D:6)
  A white imp (Gauntlet)
  4 ufetubi
  An ooze (D:3)
  An adder zombie (Ossuary)
  An adder skeleton (D:5)
  2 dart slugs
  7 leopard geckos
  32 orcs
  2 ball pythons
  A giant cockroach (D:5)
  6 goblins
  A hobgoblin (D:2)
  15 jackals
  3 quokkas
  4 bats
  3 frilled lizards
  A goblin skeleton (D:10)
  2 goblin zombies (D:10)
  2 hobgoblin zombies (D:10)
  2 jackal zombies
  17 kobolds
  4 leopard gecko zombies (Ossuary)
  2 orc skeletons (D:10)
  17 orc zombies (D:10)
  2 quokka zombies
  5 rats
573 creatures vanquished.

Vanquished Creatures (collateral kills)
  A hydra (D:12)
  Erica (D:9)
  A cane toad (Lair:2)
  An elephant (Lair:3)
  A centaur skeleton (D:12)
  A troll (D:9)
  A blink frog (Lair:5)
  A yak (D:9)
  A two-headed ogre zombie (D:10)
  An orc warrior (D:8)
  A black bear (D:6)
  4 ogres
  2 wolves (Lair:6)
  A centaur (D:6)
  6 bullfrogs
  A troll zombie (D:10)
  A killer bee (D:12)
  A howler monkey (D:10)
  2 orc priests
  A hound (D:5)
  An orc wizard (D:2)
  An iguana (D:5)
  3 worker ants
  A white imp (Gauntlet)
  An adder skeleton (D:4)
  3 worms
  A leopard gecko (D:1)
  5 orcs
  A giant cockroach (D:3)
  2 goblins
  4 hobgoblins
  2 quokkas
  3 bats
  A frilled lizard (D:2)
  5 kobolds
  A rat (D:3)
65 creatures vanquished.

Vanquished Creatures (others)
  A death knight (D:14)
  A two-headed ogre (D:13)
  A skeletal warrior (D:14)
  A phantasmal warrior (D:14)
  A cyclops (D:12)
  Psyche (D:9)
  A cane toad (Lair:5)
  A freezing wraith (D:12)
  A troll (D:14)
  A human (D:13)
  A wyvern (D:9)
  A vampire mosquito (Lair:6)
  6 dancing weapons
  A wolf (Lair:4)
  2 wights (D:12)
  An electric eel (Lair:6)
  97 fungi
  177 plants
  3 withered plants
299 creatures vanquished.

Grand Total: 937 creatures vanquished

Notes
Turn   | Place    | Note
-------+----------+-------------------------------------------
     0 | D:1      | SomeFlowers the Human Summoner began the quest for the Orb.
     0 | D:1      | Reached XP level 1. HP: 13/13 MP: 3/3
   372 | D:1      | Reached XP level 2. HP: 19/19 MP: 5/5
   576 | D:1      | Learned a level 2 spell: Call Imp
   874 | D:2      | Found a stormy altar of Qazlal.
   874 | D:2      | Found a glowing golden altar of the Shining One.
  1047 | D:2      | Reached XP level 3. HP: 23/24 MP: 6/6
  1244 | D:2      | Reached skill level 5 in Summonings
  1852 | D:2      | Reached XP level 4. HP: 4/30 MP: 2/7
  2553 | D:2      | Learned a level 3 spell: Call Canine Familiar
  2729 | D:3      | Reached XP level 5. HP: 35/35 MP: 6/8
  2864 | D:3      | Found an ornate altar of the Wu Jian Council.
  3138 | D:3      | Found a broken altar of Ashenzari.
  3149 | D:3      | Found a bloodstained altar of Trog.
  3413 | D:3      | Became a worshipper of the Wu Jian Council
  3437 | D:4      | Noticed an ogre
  3531 | D:4      | Reached skill level 1 in Short Blades
  4042 | D:4      | Killed an ogre
  4043 | D:4      | Reached XP level 6. HP: 35/41 MP: 7/9
  4199 | D:4      | Learned a level 3 spell: Summon Guardian Golem
  4344 | D:4      | Got an ivory mace
  4345 | D:4      | Identified the +6 mace "Toufagh" {vorpal, Will++} (You
                  | found it on level 4 of the Dungeon)
  4368 | D:4      | Reached skill level 6 in Summonings
  4418 | D:4      | Found a snail-covered altar of Cheibriados.
  4526 | D:4      | Found a shimmering altar of Xom.
  4528 | D:4      | Found a shimmering altar of Xom.
  4528 | D:4      | Found a shimmering altar of Xom.
  4530 | D:4      | Found a bloodstained altar of Trog.
  4530 | D:4      | Found an opulent altar of Gozag.
  4530 | D:4      | Found a snail-covered altar of Cheibriados.
  4658 | D:5      | Entered Level 5 of the Dungeon
  4658 | D:5      | Noticed an ogre
  4857 | D:5      | Found an iron altar of Okawaru.
  4877 | D:5      | Reached skill level 1 in Maces & Flails
  4908 | D:5      | Reached skill level 1 in Hexes
  4908 | D:5      | Reached XP level 7. HP: 26/46 MP: 10/10
  5140 | D:5      | Reached * piety under Wu Jian
  5531 | D:5      | Reached XP level 8. HP: 32/52 MP: 8/11
  6572 | D:6      | Reached skill level 5 in Maces & Flails
  7043 | D:6      | Reached skill level 1 in Evocations
  7454 | D:6      | Found a hide-covered altar of Uskayaw.
  7528 | D:6      | Reached XP level 9. HP: 39/57 MP: 9/12
  7880 | D:6      | Found a staircase to the Ecumenical Temple.
  8185 | D:6      | Gained mutation: You tend to lose your temper in combat.
                  | [potion of mutation]
  8185 | D:6      | Gained mutation: You have a pair of small antennae on your
                  | head. [potion of mutation]
  8239 | D:7      | Found a shadowy altar of Dithmenos.
  8296 | D:7      | Noticed apoch's ghost (novice MiFi)
  8322 | D:7      | Found a transporter.
  8344 | D:7      | Found Reexigh's Distillery.
  8356 | D:7      | Bought a potion of haste for 110 gold pieces
  8356 | D:7      | Bought a potion of might for 44 gold pieces
  8408 | D:7      | Found a sand-covered staircase.
  8432 | D:7      | Found a transporter.
  8478 | Ossuary  | Entered an ossuary
  8524 | Ossuary  | Reached ** piety under Wu Jian
  8528 | Ossuary  | Reached skill level 7 in Summonings
  8607 | Ossuary  | Reached skill level 1 in Shields
  8675 | Ossuary  | Reached skill level 1 in Armour
  8755 | Ossuary  | Reached skill level 1 in Fighting
  9125 | D:7      | Found a shimmering blue altar of Sif Muna.
  9317 | D:7      | Found a sparkling altar of Nemelex Xobeh.
  9598 | D:8      | Reached *** piety under Wu Jian
  9793 | D:9      | Reached skill level 5 in Stealth
  9814 | D:9      | Reached XP level 10. HP: 48/70 MP: 9/13
  9820 | D:9      | Noticed Erica
  9826 | D:9      | Killed Erica
 10091 | D:9      | Learned a level 3 spell: Tukima's Dance
 11413 | D:8      | Learned a level 1 spell: Corona
 11864 | D:9      | Paralysed by a hornet for 1 turns
 11881 | D:9      | Noticed Psyche
 11896 | D:9      | Killed Psyche
 12173 | D:9      | Reached skill level 5 in Fighting
 12251 | D:9      | Found a staircase to the Lair.
 12715 | D:9      | Found a sparkling altar of Nemelex Xobeh.
 13101 | D:9      | Got a smoking flail
 13102 | D:9      | Identified the cursed +1 flail of the Moon {holy, rPois
                  | Will++ Int+2} (You found it on level 9 of the Dungeon)
 13621 | D:10     | Entered Level 10 of the Dungeon
 13716 | D:10     | Found a staircase to the Orcish Mines.
 13932 | D:10     | Noticed a two-headed ogre
 13950 | D:10     | Killed a two-headed ogre
 13951 | D:10     | Reached XP level 11. HP: 46/80 MP: 14/14
 14189 | D:10     | Reached skill level 1 in Staves
 14360 | D:10     | Reached **** piety under Wu Jian
 14402 | D:10     | Reached skill level 5 in Hexes
 14714 | D:10     | Reached skill level 1 in Throwing
 15559 | D:10     | Reached skill level 5 in Staves
 15559 | D:10     | Reached skill level 8 in Summonings
 15559 | D:10     | Reached skill level 5 in Evocations
 15559 | D:10     | Reached XP level 12. HP: 86/86 MP: 15/15
 15604 | D:11     | Noticed a boulder beetle
 15615 | D:11     | Reached ***** piety under Wu Jian
 15640 | D:11     | Killed a boulder beetle
 16202 | D:11     | Found Itajaame's Weapon Boutique.
 16730 | D:11     | Noticed a centaur warrior
 16737 | D:11     | Killed a centaur warrior
 17040 | D:11     | Reached skill level 9 in Summonings
 17189 | D:12     | Reached XP level 13. HP: 90/92 MP: 16/16
 17216 | D:12     | Noticed a four-headed hydra
 17504 | D:12     | Killed a one-headed hydra
 17944 | D:12     | Noticed a six-headed hydra
 17958 | D:12     | Killed a one-headed hydra
 18100 | D:10     | Learned a level 2 spell: Ensorcelled Hibernation
 18165 | Lair:1   | Entered Level 1 of the Lair of Beasts
 18648 | D:9      | Reached skill level 1 in Long Blades
 18979 | Lair:1   | Identified a scroll of acquirement
 18982 | Lair:1   | Acquired the +0 buckler of Vehumet's Generosity {rPois}
 19665 | Lair:1   | Reached skill level 1 in Ice Magic
 20104 | Lair:2   | Noticed Sonja
 20665 | Lair:2   | Killed Sonja
 21015 | Lair:2   | Reached skill level 5 in Ice Magic
 21330 | Lair:2   | Noticed a six-headed hydra
 21344 | Lair:2   | Killed a one-headed hydra
 22378 | Lair:3   | Found a staircase to the Shoals.
 22689 | Lair:3   | Noticed a seven-headed hydra
 22757 | Lair:3   | Noticed a seven-headed hydra
 22769 | Lair:3   | Reached XP level 14. HP: 85/98 MP: 10/17
 23707 | Lair:4   | Found a staircase to the Snake Pit.
 24119 | Lair:4   | Reached skill level 5 in Short Blades
 27645 | Lair:5   | Reached skill level 5 in Long Blades
 27823 | Lair:6   | Entered Level 6 of the Lair of Beasts
 28230 | Lair:6   | Reached ****** piety under Wu Jian
 28231 | Lair:6   | Reached skill level 5 in Dodging
 28951 | Lair:6   | Reached XP level 15. HP: 103/103 MP: 15/18
 29534 | Lair:6   | Found a staircase to the Slime Pits.
 33298 | D:12     | Reached skill level 5 in Spellcasting
 33398 | D:12     | Got a transparent whip
 33403 | D:12     | Identified the +5 whip of the Hungering Pariah {freeze,
                  | *Drain rN+ Will+ Str+2} (You found it on level 12 of the
                  | Dungeon)
 33527 | D:12     | Reached skill level 10 in Summonings
 34091 | D:13     | Found a gate to the Vaults.
 35126 | D:13     | Identified the Compendium of Supportive Unholy Rites
 35243 | D:13     | Noticed Rupert
 35285 | D:13     | Killed Rupert
 35758 | D:13     | Learned a level 4 spell: Summon Ice Beast
 35815 | D:14     | Found a gate leading to a gauntlet.
 35820 | Gauntlet | Entered a Gauntlet
 35820 | Gauntlet | Found a transporter.
 35820 | Gauntlet | Found a transporter.
 35824 | Gauntlet | Found a transporter.
 35824 | Gauntlet | Found a transporter.
 35824 | Gauntlet | Found a transporter.
 35833 | Gauntlet | Got warped gold dragon scales
 35846 | Gauntlet | Found a runed translucent door.
 35850 | Gauntlet | Identified the +4 gold dragon scales of Eternity {rElec
                  | rPois rF+ rC+ rN+ Int+2} (You found it in a Gauntlet)
 36080 | Gauntlet | Found a transporter.
 36081 | Gauntlet | Found a transporter.
 36090 | Gauntlet | Found a transporter.
 36118 | Gauntlet | Found a transporter.
 36123 | Gauntlet | Found a transporter.
 36124 | Gauntlet | Found the ring of the Tortoise {AC+8}
 36295 | D:14     | Found a flickering gateway to a bazaar.
 36306 | D:14     | Mangled by a phantasmal warrior

Illustrated notes

Levels and vault maps discovered:
D:1:      tarquinn_simple_flora_water_c, layout_rooms, patterned_corridor
D:2:      layout_basic, chequers_temple_overflow_statue_of_worship,
          hangedman_decor_diamond_cutter, grunt_ministairs_1
D:3:      layout_loops_ring, old_standard_altar, lightli_temple_of_fire,
          general_overflow_altar
D:4:      layout_rooms, doesnt_xom_only_xom, kennysheep_mini_moat
D:5:      layout_basic, okawaru_trees_1
D:6:      layout_basic, overflow_temple_1_default, minmay_temple_entry_slanted,
          skrybe_limestone_x, roderic_batcave, minmay_misc_feat_four_crosses
D:7:      layout_basic, nicolae_dithmenos_the_darkroom, led_sif_pool,
          nemelex_xobeh_ov_fountains_minmay,
          nicolae_ossuary_entry_false_entrances, gammafunk_ghost_stat_death,
          serial_shops, nicolae_shop_window_shopping
D:8:      layout_gridville
D:9:      layout_basic, grunt_lair_entry_orc_guard_hut,
          nemelex_diamond_rough_becter, uniq_psyche, uniq_erica
D:10:     layout_loops_ring, zombieorc2_lemuel
D:11:     layout_loops_ring, serial_shops, shop, corexii_leaking_fountain
D:12:     layout_basic
D:13:     layout_roguey, david_vaults_3, special_room [special_room_orc],
          lemuel_flame_loot_1, uniq_rupert
D:14:     layout_loops_ring, chequers_serial_rivers_small_3, serial_shops,
          bzr_firewalk, gauntlet_entry_generic, lemuel_altar_in_water,
          uniq_louise
Lair:1:   layout_regular_city
Lair:2:   layout_misc_corridors, uniq_sonja
Lair:3:   layout_chaotic_city, shoals_dummy_entry, hangedman_lair_unloving_vines
Lair:4:   layout_layer_cave, guppyfry_snake_entry_garden,
          grunt_forest_stairs_basic, minmay_lair_oklob_bushes, st_stairs_3
Lair:5:   layout_regular_city, serial_bayou_pond_e
Lair:6:   minmay_lair_end_frog_pond, layout_gridlike, slime_dummy,
          serial_bayou_shore_a

Skill      XL: |  1  2  3  4  5  6  7  8  9 10 11 12 13 14 15 |
---------------+----------------------------------------------+-----
Summonings     | 5 6 7 8 9 10 | 10.6
Stealth        | 3 4 5 6 7 8 9 |  9.1
Short Blades   | 2 3 7 |  7.4
Maces & Flails | 2 4 6 7 9 |  9.5
Hexes          | 1 2 3 4 6 7 8 |  8.0
Evocations     | 1 2 5 6 |  6.6
Shields        | 3 |  3.0
Armour         | 2 |  2.0
Fighting       | 3 5 |  5.5
Dodging        | 3 6 9 |  9.0
Staves         | 5 7 8 |  8.1
Throwing       | 3 |  3.1
Long Blades    | 1 6 |  6.3
Ice Magic      | 6 |  6.6
Spellcasting   | 7 |  7.2

Action                   |  1- 3 |  4- 6 |  7- 9 | 10-12 | 13-15 || total
-------------------------+-------+-------+-------+-------+-------++-------
Melee: Unarmed           |    18 |       |       |       |       ||    18
       Dagger            |    81 |   169 |       |       |   327 ||   577
       Mace              |       |    40 |   285 |   121 |   450 ||   896
       Short sword       |       |       |       |    37 |   442 ||   479
       Lajatang          |       |       |       |   387 |   266 ||   653
       Scimitar          |       |       |       |       |    94 ||    94
 Fire: Shortbow          |       |       |       |       |     9 ||     9
Throw: Javelin           |    14 |     7 |    11 |     9 |       ||    41
       Dart              |       |       |     6 |     9 |    22 ||    37
 Cast: Summon Small Mamm |    12 |       |       |       |       ||    12
       Call Imp          |     7 |    16 |    11 |    22 |    16 ||    72
       Call Canine Famil |       |     4 |    14 |    17 |    50 ||    85
       Summon Guardian G |       |       |     1 |     9 |    23 ||    33
       Tukima's Dance    |       |       |       |    12 |     4 ||    16
       Corona            |       |       |       |     3 |    10 ||    13
       Ensorcelled Hiber |       |       |       |       |   228 ||   228
Invok: Lunge             |       |     4 |    18 |    48 |    74 ||   144
       Whirlwind         |       |       |     2 |    42 |   334 ||   378
       Serpent's Lash    |       |       |       |     1 |     7 ||     8
 Abil: Wall Jump         |       |       |       |     2 |     1 ||     3
Evoke: Wand              |       |       |     1 |    15 |    14 ||    30
  Use: Scroll            |     1 |     4 |    12 |    10 |    11 ||    38
       Potion            |       |       |     9 |     5 |     9 ||    23
 Stab: Sleeping          |     6 |     5 |     7 |     7 |   111 ||   136
       Distracted        |       |       |     3 |     3 |    13 ||    19
       Paralysed         |       |       |       |       |     1 ||     1
       Invisible         |       |       |       |       |     2 ||     2
       Confused          |       |       |       |       |     1 ||     1
Armor: Robe              |     4 |       |       |       |       ||     4
       Leather armour    |    18 |    56 |    40 |    50 |    73 ||   237
       Ring mail         |       |       |    21 |       |       ||    21
       Steam dragon scal |       |       |       |    84 |   372 ||   456
       Gold dragon scale |       |       |       |       |     6 ||     6
Dodge: Dodged            |    80 |   143 |   113 |   268 |   915 ||  1519
Block: Kite shield       |       |       |    21 |       |       ||    21
       Buckler           |       |       |       |       |   281 ||   281
       Rpst.: Scimitar   |       |       |       |       |    14 ||    14
